 Dungeon Crawl Stone Soup version 0.31-a0-1598-g94871bc2e8 (webtiles) character file.

Game seed: 5442251481791229681

10 sentinel the Trooper (level 2, 27/27 HPs)
             Began as a Hill Orc Fighter on Jan 7, 2024.
             Quit the game on level 1 of the Dungeon on Feb 21, 2024.
             The game lasted 00:01:23 (121 turns).

sentinel the Trooper (Hill Orc Fighter)              Turns: 121, Time: 00:01:24

Health: 27/27      AC:  6    Str: 18    XL:     2   Next: 20%
Magic:  2/2        EV:  9    Int:  8    God:
Gold:   0          SH:  4    Dex: 10    Spells: 1/1 levels left

rFire   . . .        a - +0 rapier
rCold   . . .        c - +0 buckler {!T}
rNeg    . . .        b - +0 scale mail {!T}
rPois   .            (no helmet)
rElec   .            (no cloak)
rCorr   .            (no gloves)
SInv    .            (no boots)
Will    .....        (no amulet) Stlth
                     (no ring)
HPRegen 0.24/turn    (no ring)
MPRegen 0.08/turn

%: no passive effects
@: no status effects
A: no striking features
a: no special abilities


You were on level 1 of the Dungeon.
You visited 1 branch of the dungeon, and saw 1 of its levels.

Inventory:

Hand Weapons
 a - a +0 rapier (weapon)
Armour
 b - a +0 scale mail (worn) {!T}
 c - a +0 buckler (worn) {!T}
 g - a +0 chain mail
Scrolls
 h - a scroll of enchant weapon {unknown}
Potions
 d - a potion of might
 e - a potion of enlightenment {unknown}
 f - a potion of berserk rage {unknown}


   Skills:
 + Level 3.8 Fighting
 + Level 2.2 Short Blades
 + Level 3.4 Armour
 + Level 3.4 Shields


You had one spell level left.
You didn't know any spells.
Your spell library was empty.

Dungeon Overview and Level Annotations

Branches:
Dungeon (1/15) Zot: 5874

Altars:


Message History

You hit the quokka.
You kill the quokka!
You barely miss the hobgoblin.
The hobgoblin hits you but does no damage.
You hit the hobgoblin but do no damage. You block the hobgoblin's attack.
You hit the hobgoblin.
The hobgoblin is almost dead.
You block the hobgoblin's attack.
You hit the hobgoblin.
You kill the hobgoblin!
You hit the endoplasm but do no damage.
The endoplasm hits you but does no damage.
You hit the endoplasm but do no damage. The endoplasm barely misses you.
You hit the endoplasm.
The endoplasm is almost dead.
The endoplasm barely misses you. But you're not safe! But you're not safe!
But you're not safe! But you're not safe! But you're not safe!
But you're not safe!
You hit the endoplasm.
You kill the endoplasm!
No target in view!
No target in view!
No target in view!
A rat comes into view.
Found a chain mail.
The rat squeaks loudly.
But you're not safe! But you're not safe! But you're not safe!
But you're not safe! But you're not safe! But you're not safe!
But you're not safe! But you're not safe! But you're not safe!
A kobold comes into view. It is wielding a +0 dagger.
The rat twitches its whiskers.
The rat closely misses you.
You hit the rat.
You kill the rat!
You have reached level 2!
You hit the kobold.
The kobold is severely wounded.
The kobold completely misses you.
You closely miss the kobold.
The kobold is severely wounded.
You block the kobold's attack.
You barely miss the kobold.
The kobold is severely wounded.
You block the kobold's attack.
You closely miss the kobold.
The kobold is severely wounded.
The kobold hits you but does no damage.
You barely miss the kobold.
The kobold is severely wounded.
The kobold misses you.
You closely miss the kobold.
The kobold is severely wounded.
The kobold hits you but does no damage.
You hit the kobold but do no damage.
The kobold is severely wounded.
The kobold closely misses you.
You hit the kobold.
You kill the kobold!
Things that are here:
a +0 dagger; a kobold corpse You see here a +0 chain mail.
g - a +0 chain mail
h - a scroll labelled POAMOLOWIO A bat comes into view.
The bat barely misses you. The bat hits you but does no damage.
You closely miss the bat. The bat hits you but does no damage.
You block the bat's attack.
You barely miss the bat. The bat barely misses you. You block the bat's attack.
The bat barely misses you.
You hit the bat.
The bat is moderately wounded.
The bat hits you but does no damage.
You barely miss the bat.
The bat is moderately wounded.
The bat hits you but does no damage. The bat barely misses you.
The bat barely misses you.
Things that are here:
a +0 dagger; a kobold corpse You closely miss the bat.
The bat hits you but does no damage.
You hit the bat.
The bat is severely wounded.
You block the bat's attack. The bat hits you but does no damage.
The bat closely misses you.
You barely miss the bat.
The bat is severely wounded.
The bat hits you but does no damage. The bat hits you but does no damage.
A goblin comes into view. It is wielding a +0 dagger.
The goblin shouts!
You hear an angry hiss.
The bat hits you but does no damage.
You closely miss the bat.
The bat is severely wounded.
The bat hits you but does no damage. The bat hits you but does no damage.
The bat hits you but does no damage. The bat barely misses you.
The goblin hits you but does no damage.
You hit the goblin.
The goblin is moderately wounded.
The bat closely misses you. You block the goblin's attack.
You hit the goblin.
The goblin is severely wounded.
The bat closely misses you. The goblin barely misses you.
You hit the goblin.
You kill the goblin!
The bat hits you but does no damage. The bat hits you.
You see here a rat corpse.
The bat hits you but does no damage.
Things that are here:
a +0 dagger; a kobold corpse You block the bat's attack.
You hit the bat.
You kill the bat!
No target in view!
No target in view!
No target in view!
No target in view!
No target in view!
No target in view!
Really take off
b - a +0 scale mail {!T}?
Unknown command.
Okay, then.
Really take off
b - a +0 scale mail {!T}?
Okay, then.
Okay, then.
Really take off
b - a +0 scale mail {!T}?
Really take off
b - a +0 scale mail {!T}?
Okay, then.
Unknown command.
Saving game... please wait.
Options error: Unknown animation type 'false' (~/.crawlrc:20) Options error: Unknown animation type 'false' (~/.crawlrc:22) Welcome back, sentinel the Hill Orc Fighter.
Press ? for a list of commands and other information.
Are you sure you want to abandon this character and quit the game? (Confirm with "yes".)

..#.#.#.#.## #....†......#
(..........# #....)......#
..#.#>#.#.####...........#
............##.....†.....#
#..#.#†#.#.#..............#
#...........###...........#
#..#.#.#(#.####...........#
........†....#...........#
..#.#.#.#.#@.#############
#............#
#######......#
#######.######
#........#########
#.######.........#
#.........# #.........#
#.........#


There were no monsters in sight!

Vanquished Creatures
  A bat (D:1)
  An endoplasm (D:1)
  A giant cockroach (D:1)
  A goblin (D:1)
  A hobgoblin (D:1)
  A quokka (D:1)
  A frilled lizard (D:1)
  A kobold (D:1)
  A rat (D:1)
9 creatures vanquished.

Notes
Turn   | Place    | Note
-------+----------+-------------------------------------------
     0 | D:1      | sentinel the Hill Orc Fighter began the quest for the Orb.
     0 | D:1      | Reached XP level 1. HP: 19/19 MP: 1/1
    61 | D:1      | Reached XP level 2. HP: 27/27 MP: 2/2
   121 | D:1      | Quit the game

Illustrated notes

Levels and vault maps discovered:
D:1:      dpeg_arrival_ratfight, layout_basic, st_stairs_9

Action                     || total
---------------------------++-------
  Melee: Rapier            ||    37
 Armour: Scale mail        ||    24
  Dodge: Dodged            ||    20
  Block: Buckler           ||    11

Table legend: (Time is in decaauts)
 A = Elapsed time spent in this place.
 B = Non-inter-level travel time spent in this place.
 C = Inter-level travel time spent in this place.
 D = Time resting spent in this place.
 E = Time spent auto-exploring this place.
 F = Levels seen in this place.
 G = Mean time per level.
                   A        B        C        D        E       F      G
               +--------+--------+--------+--------+--------+-----+--------+
         Total |    125 |    125 |      0 |      0 |     22 |   1 |  125.0 |
       Dungeon |    125 |    125 |      0 |      0 |     22 |   1 |  125.0 |
               +--------+--------+--------+--------+--------+-----+--------+

Top non-repeatable levels by time:
     D:1: 125 daAuts
